[Event "*** Titled Tuesday Blitz"]
[Site "Chess.com"]
[Date "2019.08.06"]
[Round "10"]
[White "Morscas"]
[Black "ChrisTool2"]
[Result "1-0"]
[WhiteElo "2205"]
[BlackElo "2266"]
[TimeControl "180+2"]
[EndTime "15:24:42 PDT"]
[Termination "Morscas won by resignation"]

1. e4 e6 2. d4 d5 3. Nd2 Nf6 4.
e5 Nfd7 5. Bd3 c5 6. c3 Nc6 7.
Ne2 cxd4 8. cxd4 f6 9. exf6 Nxf6 10. O-O Bd6 11. Nf3 Qc7 12. h3 O-O 13. Be3 Bd7 14. Re1 Rae8 15. Rc1 Re7 16. Nc3 a6 17. a3 Be8 18. b4 Qb8 19. b5 axb5 20. Nxb5 Bf4 21. Bxf4 Qxf4 22. Qd2 Qb8 23. Ne5 Nxe5 24. Rxe5 Bxb5 25. Bxb5 Ne4 26. Qe3 Nxf2 27. Rxe6 Ref7 28. Rf1 Qf4 29. Qxf4 Rxf4 30. Re5 Ne4 31. Rxf4 Rxf4 32.
Rxd5 Nc3 33. Rd8+ Kf7 34. Bc4+ Ke7 35. Rg8 Rxd4 36. Rxg7+ Kf6 37. Rf7+ Kg6 38. Bb3 b5 39. Kf2 Rd2+ 40. Kf3 Rb2 41. Be6 Ne2 42. Bd5 Ng1+ 43.
Kg4 h5+ 44. Kh4 Rd2 45. Rd7 Kf6 46. Kxh5 Ne2 47. Kg4 Ke5 48. Bc6 Rc2 49. Bxb5 Nd4 50. a4 Rxg2+ 51. Kh5 Nf5 52. a5 Kf4 53. h4 Rg4 54. a6 Rxh4+ 55. Kg6 Rh6+ 56. Kf7 Nd6+ 57. Kg7 Nf5+ 58. Kg8 Rg6+ 59. Kf8 Rf6+ 60. Ke8 Re6+ 61. Kd8 Rh6 62. a7 Nd6 63. Rxd6 Rxd6+ 64. Kc7 Rd5 65. a8=Q 1-0

[Event "*** Titled Tuesday Blitz"]
[Site "Chess.com"]
[Date "2019.08.06"]
[Round "10"]
[White "Bigfish1995"]
[Black "AntonSmirnov"]
[Result "0-1"]
[WhiteElo "3044"]
[BlackElo "2914"]
[TimeControl "180+2"]
[EndTime "15:24:43 PDT"]
[Termination "AntonSmirnov won by resignation"]

1. e4 e5 2. Nf3 Nf6 3. Nxe5 d6 4. Nf3 Nxe4 5. d4 d5 6. Bd3 Bd6 7. O-O O-O 8. c4 c6 9. Qb3 Na6 10. Nc3 Nxc3 11. bxc3 dxc4 12. Bxc4 b5 13. Bd3 Nc7 14.
Be4 Bd7 15. Ne5 Bxe5 16. dxe5 h6 17. Ba3 Re8 18. Rad1 Qc8 19. f4 Nd5 20. Bc5 Bf5 21.
Bxd5 cxd5 22. Qxd5 Qa6 23. a3 Qg6 24. Qf3 Bg4 25. Qg3 Bxd1 26. Qxg6 fxg6 27. Rxd1 Red8 28. Re1 Rd3 29. Bd4 a5 30. Kf2 Rd2+ 31. Kf3 Ra2 32. Rb1 Rb8 33. Bc5 Kf7 34. h4 Rc2 35. Bd4 Ke6 36.
g3 h5 37. Ke4 Ra2 38. Bc5 Re2+ 39. Kf3 Rc2 40. Bd4 Kf5 41. Re1 Ke6 42. Rb1 Kd5 43.
Rd1 Kc6 44. Re1 Re8 45. Ra1 Kd5 46. Rb1 Kc4 47. Ke4 Ra2 48. f5 gxf5+ 49. Kxf5 Rxa3 50.
Kg6 b4 51. Kf7 Rc8 52. e6 bxc3 53. Bxg7 c2 54. Rc1 Rf3+ 55. Bf6 Kd3 56. e7 Kd2 57. Rxc2+ Kxc2 0-1

[Event "*** Titled Tuesday Blitz"]
[Site "Chess.com"]
[Date "2019.08.06"]
[Round "10"]
[White "Vuk2000"]
[Black "gena217"]
[Result "1/2-1/2"]
[WhiteElo "2761"]
[BlackElo "2922"]
[TimeControl "180+2"]
[EndTime "15:24:47 PDT"]
[Termination "Game drawn by agreement"]

1. d4 Nf6 2. Bg5 Ne4 3. Bf4 d5 4. e3 c5 5. Bd3 Nf6 6. c3 Nc6 7. Nd2 Qb6 8. Qb1 Bg4 9. Ngf3 e6 10.
O-O Rc8 11. Re1 Be7 12. Ne5 Bh5 13. Ndf3 O-O 14. Bg5 Bxf3 15. Bxf6 Bxf6 16. Bxh7+ Kh8 17. Nxf3 g6 18. Bxg6 fxg6 19. Qxg6 Qc7 20. e4 Qg7 21. Qh5+ Qh7 22. Qxh7+ Kxh7 23. exd5 exd5 24. dxc5 d4 25. Rad1 Rcd8 26. cxd4 Nxd4 27. Nxd4 Bxd4 28. Rd2 Bxc5 29. Rc2 b6 30. g3 Kg6 31. Kg2 Rd4 32. a3 a6 33. b4 Bd6 34. Rc6 Rf6 35. Rxb6 Rd2 36. Rf1 a5 37. bxa5 Ra2 38. Rb3 Bxa3 39. Rf3 Ra6 40.
Rd1 Bc5 41. h4 R2xa5 42. Rd8 Ra2 43. Rd5 Be7 44. Rd7 Re6 45. Rd5 Bf6 46. h5+ Kh6 47. Rdf5 Bg5 48. Rd3 Kxh5 49. Rdd5 Rg6 50. Kh3 Kh6 51.
f4 Be7 52. Rh5+ Kg7 53. Rd7 Re6 54. Rhd5 Kf7 55. Rd3 Rh6+ 56. Kg4 Rg6+ 57. Kf3 Ra4 58. R7d4 Ra1 59. Re4 Ra7 60. Re5 Rb7 61. Rf5+ Rf6 62. Rxf6+ Bxf6 63. g4 Rc7 1/2-1/2

[Event "*** Titled Tuesday Blitz"]
[Site "Chess.com"]
[Date "2019.08.06"]
[Round "10"]
[White "riconaipe"]
[Black "Chigorinetz"]
[Result "1-0"]
[WhiteElo "2471"]
[BlackElo "2589"]
[TimeControl "180+2"]
[EndTime "15:24:51 PDT"]
[Termination "riconaipe won by resignation"]

1. d4 d5 2. c4 dxc4 3. e4 Nc6 4. Be3 Nf6 5. e5 Nd5 6. Bxc4 Be6 7. Bb3 Qd7 8. Nc3 O-O-O 9. Ne4 Nxe3 10. fxe3 Bd5 11.
Nc5 Qe8 12. Bxd5 Rxd5 13. Qb3 Rxc5 14. dxc5 e6 15. Qc3 f6 16. Nf3 Be7 17. O-O fxe5 18. Qc4 Bf6 19. b4 e4 20. Nd4 Nxd4 21. exd4 Qd7 22.
Rad1 Rd8 23. Kh1 Bxd4 24. Rfe1 e5 25. Rxe4 Qc6 26. Ree1 b5 27. Qe2 Qd5 28. Qxb5 Rf8 29.
Qa6+ Kd7 30. Re2 Rf6 31. Qxa7 Qc4 32. Qa4+ c6 33. Qc2 Qxb4 34. Rxe5 Kc8 35. Re8+ Kc7 36.
Re7+ Kc8 37. Qe4 Qxc5 38. Re6 Rxe6 39. Qxe6+ Kc7 40. Qf7+ Kb6 41. Qb3+ Kc7 42. Qf7+ Kb6 43. Rb1+ Ka6 44. Qb7+ Ka5 45. Qa8+ Qa7 46. Qxc6 Qc5 47. Qxc5+ Bxc5 48. Rb7 h6 49. Rxg7 1-0

[Event "*** Titled Tuesday Blitz"]
[Site "Chess.com"]
[Date "2019.08.06"]
[Round "10"]
[White "chessbia"]
[Black "politeplayer"]
[Result "0-1"]
[WhiteElo "2242"]
[BlackElo "2248"]
[TimeControl "180+2"]
[EndTime "15:24:53 PDT"]
[Termination "politeplayer won by checkmate"]

1. d4 Nf6 2. c4 c5 3. d5 e6 4. Nc3 exd5 5. cxd5 d6 6. Nf3 g6 7. Nd2 Bg7 8. e4 O-O 9. Be2 a6 10. a4 Nbd7 11. O-O Rb8 12. Re1 g5 13. Nf1 h6 14.
Ng3 Ne5 15. Bd2 c4 16. a5 b5 17. Be3 b4 18. Nb1 Nfg4 19. Bd4 Nd3 20. Bxg7 Ngxf2 21. Qc2 Kxg7 22. Rf1 Qc7 23. Nd2 Qc5 24. Nh5+ Kh8 25. g3 Bh3 26. Qxc4 Bxf1 27. Rxf1 Nxe4+ 28. Qxc5 Nexc5 29. Rf6 Ne5 30. Rxh6+ Kg8 31. Rxd6 Rfd8 32. Nf6+ Kf8 33. Rb6 Rxb6 34. axb6 Rb8 35. Nde4 Nxe4 36. Nxe4 Rxb6 37. Nxg5 Rd6 38. Kf2 Rxd5 39. Bxa6 Rd2+ 40. Ke3 Rxb2 41. h4 Rb3+ 42. Kf4 Ng6+ 43. Kg4 Rc3 44. Ne4 Rc2 45. h5 b3 46. hxg6 b2 47. gxf7 b1=Q 48. Ng5 Qd1+ 49. Kf5 Qd7+ 50. Kg6 Qd6+ 51. Kh7 Qxa6 52.
g4 Rh2+ 53. Nh3 Qf6 54. g5 Qg7# 0-1

[Event "*** Titled Tuesday Blitz"]
[Site "Chess.com"]
[Date "2019.08.06"]
[Round "10"]
[White "Wolverine_master"]
[Black "Ibraev_Vasilj"]
[Result "0-1"]
[WhiteElo "2102"]
[BlackElo "2288"]
[TimeControl "180+2"]
[EndTime "15:24:54 PDT"]
[Termination "Ibraev_Vasilj won by resignation"]

1. Nf3 Nf6 2. g3 b6 3. Bg2 Bb7 4. O-O c5 5. d4 cxd4 6. Qxd4 Nc6 7. Qd2 Qc7 8. c4 e6 9. Nc3 a6 10. b3 d6 11. Ba3 Be7 12. Rad1 Rd8 13. Ng5 O-O 14. Nge4 Nxe4 15. Nxe4 d5 16. Bxe7 Qxe7 17. cxd5 Rxd5 18. Qe3 Rfd8 19. Nc3 Rxd1 20. Rxd1 Rxd1+ 21. Nxd1 b5 22. Qb6 Qd7 23. Ne3 h6 24. h4 h5 25.
Bf3 g6 26. Kg2 Kg7 27. Qc5 Kg8 28. Qb6 Kg7 29. a4 bxa4 30. bxa4 Nd8 31. Bxb7 Qxb7+ 32. Qxb7 Nxb7 33. Nc4 Kf6 34. Kf3 e5 35. a5 Ke6 36. g4 hxg4+ 37. Kxg4 Kd5 38. Nb6+ Kc6 39. Kg5 Nxa5 40. Na4 Nb3 41. Kf6 Nc5 42. Nc3 a5 43.
Kxf7 a4 44. Kxg6 a3 45. h5 Ne6 46. h6 Kc5 47. h7 Nf8+ 48. Kg7 Nxh7 49. Kxh7 Kc4 50.
Na2 Kb3 51. Nc1+ Kc2 52. Na2 Kb2 53. Nb4 Kb3 54. Nd3 e4 55. Nc5+ Kc4 56. Nxe4 a2 57.
f4 a1=Q 58. Ng5 Qf6 59. e3 Kd3 60. e4 Qxf4 61. Kg6 Qe5 62. Kh6 Ke3 63. Kg6 Kf4 64. Nf7 Qxe4+ 65. Kg7 Qe6 66. Kf8 Kf5 67. Nd8 Qd7 68.
Nf7 Kf6 0-1

[Event "*** Titled Tuesday Blitz"]
[Site "Chess.com"]
[Date "2019.08.06"]
[Round "10"]
[White "Litti"]
[Black "guillembaches"]
[Result "1-0"]
[WhiteElo "2499"]
[BlackElo "2299"]
[TimeControl "180+2"]
[EndTime "15:24:57 PDT"]
[Termination "Litti won on time"]

1. e4 c5 2. Nf3 d6 3. d4 cxd4 4.
Nxd4 Nf6 5. Nc3 Nc6 6. Bg5 e6 7. Qd2 h6 8. Bxf6 gxf6 9. f4 a6 10. O-O-O Bd7 11. Kb1 Qb6 12. Nb3 O-O-O 13. f5 h5 14. Bd3 Bh6 15. Qe2 Bf4 16. Na4 Qb4 17. Qf2 Be5 18. Nb6+ Kc7 19. Nxd7 Rxd7 20. h4 a5 21. a3 Qb6 22. Qxb6+ Kxb6 23. Nd2 Kc5 24. Nb3+ Kb6 25. Nd2 Kc5 26. Rdg1 Rdd8 27. g4 Rdg8 28. Nb3+ Kb6 29. Be2 Nd4 30. Nxd4 Bxd4 31. Rg2 hxg4 32. Rxg4 d5 33. exd5 Rxg4 34. Bxg4 exd5 35. h5 Be3 36. Re1 d4 37. c3 Bd2 38. Re7 dxc3 39. Bf3 cxb2 40.
Rxb7+ Kc5 41. Kxb2 Bf4 42. Rxf7 Rd8 43. Kc3 Be5+ 44.
Kc2 Bf4 45. Rxf6 Rd2+ 46. Kb1 Rf2 47. Bd1 Rf1 48. Kc2 Rf2+ 49. Kd3 Rd2+ 50. Ke4 Bg5 51. Rg6 Rd4+ 52. Kf3 Rd3+ 53. Ke2 Rd2+ 54. Ke1 Bf4 55.
f6 Rh2 56. f7 Bg3+ 57. Rxg3 1-0

[Event "*** Titled Tuesday Blitz"]
[Site "Chess.com"]
[Date "2019.08.06"]
[Round "10"]
[White "Gubajdullin"]
[Black "vpsetter"]
[Result "0-1"]
[WhiteElo "2601"]
[BlackElo "2657"]
[TimeControl "180+2"]
[EndTime "15:25:00 PDT"]
[Termination "vpsetter won on time"]

1. d4 Nf6 2. Bf4 d5 3. e3 c5 4. c3 Nc6 5. Nd2 Bf5 6. Qb3 Qc8 7. Ngf3 e6 8. Ne5 Nd7 9. g4 Bg6 10. Nxg6 hxg6 11. Bg2 Be7 12. O-O cxd4 13. cxd4 Nf6 14. h3 Qd7 15. Rfc1 O-O 16. Nf3 Rfc8 17. Bf1 Ne4 18. Bb5 f6 19. Bd3 g5 20. Bh2 Bd6 21. Bxe4 dxe4 22. Nd2 Bxh2+ 23. Kxh2 Qd6+ 24. Kg2 Qd5 25.
Rc5 Qxb3 26. axb3 b6 27. Rc3 f5 28. gxf5 exf5 29. Rac1 Ne7 30. Rc7 Rxc7 31. Rxc7 Nd5 32. Rd7 Nf6 33. Rb7 f4 34. Nc4 Nd5 35. Rd7 Nf6 36.
Re7 fxe3 37. fxe3 b5 38. Nd6 a6 39. Re5 Rd8 40. Nxe4 Nxe4 41. Rxe4 Rc8 42. Re6 Rc2+ 43. Kf3 Rxb2 44. Rxa6 Rxb3 45. Rb6 Rb1 46. d5 b4 47. e4 b3 48. Kg4 b2 49. Kh5 Kh7 50. Rb7 g4 0-1

[Event "*** Titled Tuesday Blitz"]
[Site "Chess.com"]
[Date "2019.08.06"]
[Round "10"]
[White "temus_galaktionov"]
[Black "stoleriu"]
[Result "1/2-1/2"]
[WhiteElo "2680"]
[BlackElo "2524"]
[TimeControl "180+2"]
[EndTime "15:25:00 PDT"]
[Termination "Game drawn - insufficient material"]

1. d4 e6 2. Nf3 Nf6 3. c4 Bb4+ 4. Nbd2 b6 5. a3 Bxd2+ 6. Qxd2 Bb7 7. b4 a5 8. Bb2 axb4 9. axb4 Rxa1+ 10. Bxa1 d6 11. e3 O-O 12. Bd3 Nbd7 13. O-O Qe7 14. Bb2 Ra8 15. Ra1 Rxa1+ 16. Bxa1 Qd8 17. Qa2 Qa8 18. Qxa8+ Bxa8 19. Kf1 Be4 20. Ke2 Bxd3+ 21. Kxd3 Kf8 22. e4 Ke7 23. d5 e5 24. Bc3 Ng4 25. Ke2 Ndf6 26.
h3 Nh6 27. Kd3 Nhg8 28. Bd2 Nd7 29. Be3 Ngf6 30. Nd2 Nh5 31. g3 g6 32. Nb3 f5 33.
c5 fxe4+ 34. Kc4 bxc5 35. bxc5 dxc5 36. Bxc5+ Nxc5 37. Kxc5 Kd7 38. Kc4 e3 39. Nc5+ Ke7 40. fxe3 Nxg3 41. Ne6 Kd6 42. Nf8 Nf1 43. e4 Ng3 44. Kd3 Nh5 45. Nxh7 Nf4+ 46. Ke3 Nxh3 47. Kf3 Ke7 48. Kg4 Nf2+ 49. Kf3 Nd3 50. Ng5 Nc5 51. Ke3 Kf6 52. Nh7+ Kg7 53. Ng5 Kf6 54. Nh7+ Ke7 55. Ng5 Kd6 56. Nf7+ Ke7 57. Nxe5 Kf6 58. Ng4+ Kg5 59. Nf2 Kf6 60. Kd4 Nb3+ 61. Kc3 Nc5 62. Kd4 Nb3+ 63. Ke3 Nc5 64. Ng4+ Kg5 65. Ne5 Kf6 66.
Nf3 g5 67. Nh2 Ke5 68. Ng4+ Kd6 69. Nh6 Ke5 70. Ng4+ Kd6 71. Kd4 Nb3+ 72. Kc4 Nd2+ 73. Kd3 Nb3 74. Nh6 Ke5 75. Ke3 Nc5 76. Nf7+ Kf6 77.
Nd8 Ke5 78. Nc6+ Kd6 79. Nd4 g4 80. Kf4 g3 81. Nf5+ Kd7 82. Nxg3 c6 83. Nf5 Nxe4 84. Kxe4 cxd5+ 85. Kxd5 1/2-1/2

[Event "*** Titled Tuesday Blitz"]
[Site "Chess.com"]
[Date "2019.08.06"]
[Round "10"]
[White "IMRosen"]
[Black "timator"]
[Result "1-0"]
[WhiteElo "2618"]
[BlackElo "2446"]
[TimeControl "180+2"]
[EndTime "15:25:00 PDT"]
[Termination "IMRosen won on time"]

1. e4 c5 2. Nc3 e5 3. f4 d6 4. Nf3 Nc6 5. Bc4 exf4 6. d3 Ne5 7. Bxf4 Nxc4 8. dxc4 Be6 9. Qd3 a6 10. O-O-O Nf6 11. Ng5 Bg4 12. Rd2 h6 13. Nf3 Be6 14. Qe2 Qb6 15. Nd5 Bxd5 16. exd5+ Kd7 17. Qd3 g6 18.
Re1 Bg7 19. c3 Rae8 20. Rde2 Rxe2 21. Rxe2 Re8 22. Rxe8 Nxe8 23. Nd2 Qd8 24. Bxh6 Be5 25. Qh3+ Kc7 26. Ne4 f5 27. Bg5 Qd7 28. Nf2 Bf6 29.
Qh4 Qe7 30. Bxf6 Nxf6 31. Kd1 Qe5 32. Nd3 Qe3 33. Qxf6 Qxd3+ 34. Kc1 Qf1+ 35. Kc2 Qxg2+ 36. Kb3 Qe4 37. Qg7+ Kb6 38. Qxg6 a5 39. Qf6 Kc7 40.
Qf7+ Kb6 41. Qf6 Kc7 42. h4 b5 43. cxb5 Qxd5+ 44. c4 Qd3+ 45. Qc3 Qd1+ 46. Qc2 Qf3+ 47. Qc3 Qd1+ 48. Ka3 f4 49. Qxa5+ Kd7 50. b6 Qd3+ 51. b3 f3 52. b7 f2 53. b8=Q f1=Q 54. Qad8+ Ke6 55. Qg8+ Ke5 56. Qbe8+ Kf4 57. Qef7+ Ke3 58. Qg5+ Ke2 59. Qfh5+ Ke1 60. Qc1+ 1-0

[Event "*** Titled Tuesday Blitz"]
[Site "Chess.com"]
[Date "2019.08.06"]
[Round "10"]
[White "Tjktiger"]
[Black "mishanick"]
[Result "1-0"]
[WhiteElo "2846"]
[BlackElo "2971"]
[TimeControl "180+2"]
[EndTime "15:25:14 PDT"]
[Termination "Tjktiger won by resignation"]

1. c4 Nf6 2. Nc3 g6 3. g3 Bg7 4. Bg2 c6 5. e4 e5 6. Nf3 d6 7. d4 Nbd7 8. O-O O-O 9. h3 Re8 10. Be3 a5 11. Qc2 exd4 12. Nxd4 Nc5 13. Rad1 Bd7 14.
Rfe1 Qc8 15. Kh2 a4 16. f4 Qc7 17. Bf2 Rad8 18. Nf3 b6 19. Re2 Bc8 20. Rde1 Nh5 21. Nxa4 Nxa4 22. Qxa4 c5 23. e5 dxe5 24. Nxe5 Bb7 25.
Qa7 Rb8 26. Nc6 Rxe2 27. Rxe2 Ra8 28. Ne7+ Kf8 29. Qxb7 Qxb7 30. Bxb7 Re8 31. b4 Bd4 32. Bxd4 cxd4 33. Bf3 d3 34. Nxg6+ hxg6 35. Rxe8+ Kxe8 36.
Kg2 Ng7 37. Kf2 Nf5 38. a4 Kd8 39. a5 bxa5 40. bxa5 Kc7 41. c5 d2 42. Bd1 Kc6 43. a6 Kc7 44. g4 Nd4 45. Ke3 Ne6 46. h4 Nxc5 47. h5 gxh5 48. gxh5 Nd7 49. h6 Nf6 50.
Kxd2 Kb6 51. Be2 Ne4+ 52. Ke3 Nf6 53. Kd4 Ka7 54. Ke5 Ng8 55. h7 Ne7 56. f5 Nxf5 57.
Kxf5 f6 58. Kxf6 Kb6 59. h8=Q Ka7 60. Qg7+ Kb6 61. Qb7+ Ka5 62. a7 Ka4 63. Bf3 1-0

[Event "*** Titled Tuesday Blitz"]
[Site "Chess.com"]
[Date "2019.08.06"]
[Round "10"]
[White "Supernotar"]
[Black "Jbd735"]
[Result "1-0"]
[WhiteElo "2632"]
[BlackElo "2474"]
[TimeControl "180+2"]
[EndTime "15:25:17 PDT"]
[Termination "Supernotar won by resignation"]

1. d4 d5 2. c4 c6 3. e3 e6 4.
Nd2 Nf6 5. Ngf3 c5 6. cxd5 exd5 7.
Be2 Nc6 8. dxc5 Bxc5 9. O-O O-O 10. Nb3 Bd6 11. Nbd4 Qe7 12. b3 Rd8 13. Bb2 Ne4 14.
Rc1 Bd7 15. Nxc6 bxc6 16. Qd4 f6 17. Rfd1 Rac8 18. Rc2 Bc5 19. Qd3 Bb6 20. Bd4 c5 21. Ba1 Bf5 22. Nh4 Be6 23. Qa6 Rc7 24. Bf1 Rd6 25.
Qe2 Rd8 26. Qh5 Qf7 27. Qxf7+ Kxf7 28. h3 h5 29. Nf3 g5 30. Nd2 Nd6 31. e4 d4 32. Nc4 Nxc4 33. Bxc4 Bxc4 34. Rxc4 Rcd7 35. Rd3 Re7 36. f3 g4 37. hxg4 hxg4 38. Rc2 gxf3 39. gxf3 Rg8+ 40. Rg2 Rxg2+ 41. Kxg2 Rc7 42. Kg3 c4 43.
bxc4 Rxc4 44. Kg4 Ra4 45. Rd2 Ke6 46. f4 Bc5 47. Rc2 Bb6 48. Rh2 d3 49. Kf3 Ra3 50. f5+ Ke7 51. Rh7+ Ke8 52. Bxf6 Rxa2 53. Re7+ Kf8 54.
Rd7 Rf2+ 55. Kg4 d2 56. e5 Be3 57. e6 Rf4+ 58. Kg3 Rd4 59. Bxd4 d1=Q 60. Bc5+ Bxc5 61.
Rxd1 Ke7 62. Kg4 Kf6 63. Rd7 a5 64. Rf7+ Ke5 65. e7 1-0

[Event "*** Titled Tuesday Blitz"]
[Site "Chess.com"]
[Date "2019.08.06"]
[Round "10"]
[White "OlympusMons95"]
[Black "Vnebo"]
[Result "1/2-1/2"]
[WhiteElo "2684"]
[BlackElo "2699"]
[TimeControl "180+2"]
[EndTime "15:25:18 PDT"]
[Termination "Game drawn by repetition"]

1. Nf3 d5 2. e3 Nf6 3. c4 c6 4.
Nc3 a6 5. b3 Bf5 6. Bb2 e6 7.
Be2 h6 8. O-O Nbd7 9. d4 Be7 10.
Bd3 Bxd3 11. Qxd3 O-O 12. e4 dxe4 13. Nxe4 Nxe4 14. Qxe4 Nf6 15. Qe2 a5 16. a3 Qb6 17.
Qc2 Rfd8 18. Rfd1 c5 19. Rd3 cxd4 20. Bxd4 Qc7 21. h3 b5 22. Be5 Qb6 23. Bd4 Qc7 24.
Be5 Qb6 25. Bd4 Qb7 26. c5 b4 27. c6 Qb5 28. axb4 axb4 29. Rxa8 Rxa8 30. c7 Rc8 31. Rd1 Nd5 32. Be5 Bf6 33. Qe4 Bxe5 34. Nxe5 Rxc7 35. Nc4 Qb8 36. Ra1 Ra7 37. Rxa7 Qxa7 38.
Qe5 Qb7 39. Qd6 Qc8 40. g3 Qf8 41. Qd7 Qe7 42. Qc8+ Kh7 43. h4 Qf6 44. Qe8 Qe7 45. Qc6 g6 46. Kg2 Kg7 47. Ne5 Qf6 48. f4 Qf5 49.
Qd7 h5 50. Kh2 Ne3 51. Qd2 Ng4+ 52. Nxg4 Qxg4 53. Qxb4 Qe2+ 54. Kh3 Qf1+ 55. Kh2 Qf2+ 56. Kh3 Qg1 57. Qc3+ Kh7 58. Qf3 Qb1 59. Kg2 Qb2+ 60. Kh3 Qc2 61. Qe3 Qb1 62. Qf3 Kg8 63. Qa8+ Kg7 64. Qf3 Qe1 65. Kg2 Qd2+ 66. Qf2 Qd5+ 67. Qf3 Qd2+ 68. Qf2 Qd5+ 69. Qf3 Qd2+ 1/2-1/2

[Event "*** Titled Tuesday Blitz"]
[Site "Chess.com"]
[Date "2019.08.06"]
[Round "10"]
[White "Etoilegeniale"]
[Black "AndrewMaco"]
[Result "1/2-1/2"]
[WhiteElo "2521"]
[BlackElo "2592"]
[TimeControl "180+2"]
[EndTime "15:25:20 PDT"]
[Termination "Game drawn - insufficient material"]

1. e4 c5 2. Nf3 d6 3. d4 cxd4 4. Qxd4 a6 5. c4 e5 6. Qe3 Be6 7. Nc3 Nf6 8. h3 h6 9. Be2 Nbd7 10. O-O Be7 11. Rd1 O-O 12. b3 Qa5 13. Bb2 Rac8 14. Rac1 Rfe8 15. Qd2 Nc5 16. Nd5 Qxd2 17. Nxe7+ Rxe7 18. Nxd2 Nfxe4 19. Nxe4 Nxe4 20. Bf3 Ng5 21. Be2 Rd7 22. h4 Ne4 23. Bf3 Nf6 24. Rd2 Kf8 25.
Rcd1 Ke7 26. Ba3 Rcd8 27. Re1 Ke8 28. Red1 d5 29. cxd5 Bxd5 30. Re1 e4 31. g4 g5 32. hxg5 hxg5 33. Bb2 Ke7 34. Rde2 Rc8 35. Bxf6+ Kxf6 36. Bxe4 Be6 37. f3 a5 38. Kg2 b5 39. Kg3 b4 40.
Rh1 Rc3 41. Rh6+ Kg7 42. Rh5 Kf6 43. Rh6+ Kg7 44. Rh7+ Kf6 45. Reh2 Rd1 46. R7h6+ Ke5 47. Re2 Rg1+ 48. Kf2 Rcc1 49. Bf5+ Kd4 50. Rd2+ Kc3 51. Rd3+ Kb2 52. Bxe6 fxe6 53. Rxe6 Rcf1+ 54. Ke3 Re1+ 55. Kf2 Rxe6 56. Kxg1 Kxa2 57. Kf2 a4 58. bxa4 b3 59. f4 b2 60. Rd1 gxf4 61. Kf3 Rf6 62. g5 Rf8 63. a5 b1=Q 64. Rxb1 Kxb1 65. a6 Kc2 66. a7 Kd3 67. g6 Kd4 68. g7 Rg8 69. Kxf4 Kc5 70.
Kf5 Kb6 71. Kf6 Kxa7 72. Kf7 Ra8 73. g8=Q Rxg8 74. Kxg8 1/2-1/2

[Event "*** Titled Tuesday Blitz"]
[Site "Chess.com"]
[Date "2019.08.06"]
[Round "10"]
[White "Padenie_Zvezd"]
[Black "Bathory44"]
[Result "1-0"]
[WhiteElo "2812"]
[BlackElo "2600"]
[TimeControl "180+2"]
[EndTime "15:25:26 PDT"]
[Termination "Padenie_Zvezd won by checkmate"]

1. d3 d5 2. e3 e5 3. g3 Nc6 4. Bg2 f5 5. b3 Nf6 6. Bb2 Bd6 7. Ne2 O-O 8. Nd2 f4 9. exf4 exf4 10. Bxf6 Qxf6 11.
Bxd5+ Be6 12. Ne4 Qh6 13. Bxc6 bxc6 14. Nxd6 cxd6 15. Qd2 Bd5 16. Rf1 Qxh2 17. O-O-O fxg3 18. Nxg3 Rae8 19. c4 Bf3 20. Rde1 Bg2 21. Rxe8 Rxe8 22.
Re1 Rf8 23. Qg5 Qh6 24. Qxh6 gxh6 25. Re6 Rxf2 26. Rxd6 Rxa2 27. Rd7 Bf3 28. Nf5 h5 29. Nh6+ Kh8 30. Nf5 Kg8 31. Nh6+ Kh8 32. d4 Rf2 33. d5 cxd5 34. cxd5 Be4 35. d6 Rf6 36. Nf7+ Kg8 37. Ne5 Bf5 38. Rd8+ Kg7 39. d7 Rd6 40. Ra8 Bxd7 41. Rxa7 h4 42. Nxd7 h3 43. Ne5+ Kf6 44. Ng4+ Kg5 45. Nf2 Rh6 46. Kd2 h2 47. Ra1 Kf4 48. b4 Kf3 49. Nh1 Rg6 50. Rf1+ Kg2 51. Re1 Rd6+ 52. Kc3 Rf6 53. b5 Rg6 54. Kd4 Kf3 55.
Kd3 Rg1 56. Kd2 Kg2 57. b6 Kxh1 58. b7 Rxe1 59. b8=Q Rg1 60. Qb7+ Rg2+ 61. Ke3 h5 62. Qa8 h4 63. Qb7 h3 64. Qa8 Kg1 65. Qa1# 1-0

[Event "*** Titled Tuesday Blitz"]
[Site "Chess.com"]
[Date "2019.08.06"]
[Round "10"]
[White "Polish_fighter3000"]
[Black "Durarbayli"]
[Result "1-0"]
[WhiteElo "2975"]
[BlackElo "2821"]
[TimeControl "180+2"]
[EndTime "15:25:32 PDT"]
[Termination "Polish_fighter3000 won by resignation"]

1. Nf3 Nf6 2. c4 c5 3. b3 b6 4. Bb2 e6 5. g3 Bb7 6. Bg2 Be7 7. O-O O-O 8. Nc3 a6 9. Re1 d6 10. e3 Ne4 11. Ne2 Bf6 12. Rb1 Bxb2 13. Rxb2 b5 14. d3 Nf6 15. d4 Nbd7 16. Nf4 Nb6 17. Qe2 Bc6 18. Rd1 Qe7 19. dxc5 dxc5 20. Ne5 Bxg2 21. Kxg2 Rfc8 22. cxb5 Nbd5 23. Nxd5 Nxd5 24. b6 Nxb6 25.
Rbd2 Qc7 26. Qf3 Nd5 27. e4 Qxe5 28. exd5 exd5 29. Rxd5 Qe8 30. Rd7 a5 31. a4 h6 32.
Qd5 Ra6 33. Re1 Re6 34. Rxe6 Qxe6 35. Qxe6 fxe6 36. Ra7 c4 37. bxc4 Rxc4 38. Rxa5 Kf7 39. h4 g6 40. Ra8 e5 41. a5 Ra4 42. Kf3 h5 43. a6 Kg7 44. Ke3 Kf7 45. Kd3 Kg7 46.
Kc3 Ra2 47. Kb3 Ra1 48. Kb4 Ra2 49. Kc5 Rc2+ 50. Kd6 Rxf2 51. Kxe5 Ra2 52. Kd6 Ra3 53.
Kc6 Rc3+ 54. Kb7 Rb3+ 55. Ka7 Rxg3 56. Rc8 Rg4 57. Rc7+ Kh6 58. Kb6 Rxh4 59. a7 Rb4+ 60. Ka5 Rb1 61. Rc4 Ra1+ 62. Ra4 Rf1 63. a8=Q Rf5+ 64.
Kb4 1-0

[Event "*** Titled Tuesday Blitz"]
[Site "Chess.com"]
[Date "2019.08.06"]
[Round "10"]
[White "SaraciNderim"]
[Black "GMKrikor"]
[Result "1-0"]
[WhiteElo "2835"]
[BlackElo "2667"]
[TimeControl "180+2"]
[EndTime "15:25:32 PDT"]
[Termination "SaraciNderim won by resignation"]

1. d4 Nf6 2. Nf3 g6 3. c4 Bg7 4. Nc3 d5 5. cxd5 Nxd5 6. e4 Nxc3 7. bxc3 c5 8. Be3 Qa5 9. Qd2 O-O 10. Rc1 cxd4 11.
cxd4 Qxd2+ 12. Nxd2 Rd8 13. Nb3 a5 14. a4 e6 15. Bb5 Nc6 16. Bxc6 bxc6 17. O-O Bd7 18. h3 Be8 19. Rfd1 Rdb8 20. Nc5 Bf8 21. Bd2 Rb2 22. Bc3 Ra2 23. Ra1 Rxa1 24. Rxa1 e5 25.
Rb1 exd4 26. Bxd4 Rd8 27. Be3 f5 28. Ne6 Rc8 29. Nxf8 Kxf8 30. Bc5+ Kg8 31. e5 Bf7 32. Rb7 Re8 33. Bd6 c5 34. Rb5 c4 35. Rxa5 Rc8 36.
Rc5 Rxc5 37. Bxc5 Bd5 38. f4 Kf7 39. Bb4 Ke6 40. a5 h6 41. Kf2 g5 42. g3 g4 43.
h4 h5 44. Ke3 Kd7 45. Kd4 Be6 46. Kc5 Bf7 47. Kb6 Bd5 48. a6 Be4 49. Ka7 Kc8 50. e6 Bc6 51. e7 Kd7 52. Kb8 c3 53. Bxc3 Kxe7 54. a7 Ke6 55. a8=Q Bxa8 56. Kxa8 Kd5 57. Kb7 Ke4 58. Kc6 Kf3 59. Kd5 Kxg3 60. Ke5 Kxh4 61.
Kxf5 Kg3 62. Kg5 Kf3 63. f5 g3 64. f6 g2 65. Bd4 1-0

[Event "*** Titled Tuesday Blitz"]
[Site "Chess.com"]
[Date "2019.08.06"]
[Round "10"]
[White "TregubovP"]
[Black "Pechen_Yeltsina"]
[Result "0-1"]
[WhiteElo "2539"]
[BlackElo "2665"]
[TimeControl "180+2"]
[EndTime "15:25:42 PDT"]
[Termination "Pechen_Yeltsina won by resignation"]

1. d4 g6 2. Nf3 Bg7 3. c4 d6 4. g3 Nd7 5. Bg2 e5 6. Nc3 Ne7 7. O-O O-O 8. dxe5 dxe5 9. e4 Nc6 10. Bg5 Bf6 11. Bh6 Bg7 12. Bg5 Bf6 13. Bxf6 Nxf6 14. Qxd8 Rxd8 15. Nd5 Nxe4 16. Nxc7 Rb8 17. Rfe1 f5 18.
Rad1 Bd7 19. Nd5 Be6 20. b3 Kg7 21. Nxe5 Nxe5 22. f3 Bxd5 23. cxd5 Nc3 24. Rd2 Nf7 25. f4 Re8 26. Re6 Rbd8 27. Rc2 Nb5 28. a4 Nbd6 29. Rc7 Rc8 30. Rd7 Ne4 31. Rxe8 Rxe8 32. Rxb7 Rd8 33. Bf1 Rxd5 34. Bc4 Rd1+ 35. Kg2 Nd6 36. Rxa7 Nxc4 37. bxc4 Kf6 38. a5 Nd6 39. Rxh7 Nxc4 40. a6 Ra1 41. a7 Nd6 42. h4 Nf7 43. h5 gxh5 44. Rxh5 Kg6 45.
Rh1 Rxa7 46. Rc1 Nh6 47. Kh3 Ng4 48. Rc6+ Nf6 49. Rb6 Rh7+ 50. Kg2 Rd7 51. Kh3 Rd2 52. Ra6 Re2 53. Rb6 Kf7 54. Ra6 Ne4 55. Rb6 Re3 56. Kh4 Rxg3 57. Rb7+ Ke6 58. Rb6+ Kd7 59. Rb7+ Kc6 60.
Rf7 Rg4+ 61. Kh5 Rxf4 62. Kg6 Nd6 63. Rf6 Rf1 64. Kg5 Kd5 65. Rf8 Ne4+ 66. Kg6 Ke5 67. Re8+ Kf4 68. Rf8 Kg4 0-1

[Event "*** Titled Tuesday Blitz"]
[Site "Chess.com"]
[Date "2019.08.06"]
[Round "10"]
[White "gemarin"]
[Black "Spring199"]
[Result "0-1"]
[WhiteElo "2086"]
[BlackElo "2232"]
[TimeControl "180+2"]
[EndTime "15:26:36 PDT"]
[Termination "Spring199 won on time"]

1. d4 Nf6 2. c4 e6 3. Nf3 d5 4. Nc3 Bb4 5. Qa4+ Nc6 6. Ne5 Bd7 7. Nxd7 Nxd7 8. e3 dxc4 9. Bxc4 Nb6 10. Qb3 O-O 11.
O-O Bd6 12. Bd3 Qh4 13. g3 Qh5 14. Ne4 Ne7 15. Bd2 Ned5 16. Rac1 Rac8 17. Nc5 Rb8 18.
e4 Nf6 19. f3 e5 20. d5 Nbd7 21. Nxd7 Nxd7 22. Be3 b6 23. Rc6 Nc5 24. Qc2 Nxd3 25. Qxd3 f5 26. Rcc1 fxe4 27. fxe4 Qh3 28. Qe2 Rxf1+ 29.
Rxf1 Rf8 30. Rxf8+ Kxf8 31. Qf3+ Kg8 32. Bg5 Qd7 33. a3 h6 34. Bd2 Qb5 35. Bc3 Qb3 36. Qg4 a5 37. h4 b5 38. h5 b4 39. axb4 axb4 40. Qe6+ Kh7 41. Qf5+ Kg8 42. Bxe5 Qe3+ 43. Kg2 Qe2+ 44. Kh3 Bxe5 45. Qxe5 Qc2 46. Qe6+ Kf8 47. Qf5+ Kg8 48. Qe5 Qc1 49. Kg4 Qd1+ 50. Kf4 Qf1+ 51. Ke3 Qe1+ 52. Kd3 Qf1+ 53. Kd4 Qc1 54. Kd3 Qf1+ 55.
Kc2 Qe2+ 56. Kb3 Qd2 57. Qxc7 Qd3+ 58. Kxb4 Qxe4+ 59. Qc4 Qe1+ 60. Kc5 Qxg3 61. d6+ Kf8 62. Kc6 Qg2+ 63. Kc7 Qa8 64. d7 Qa7+ 65. Kd6 Qb6+ 66.
Qc6 Qd4+ 67. Kc7 Qa7+ 68. Qb7 Qa5+ 69. Kb8 Qd8+ 70. Qc8 Ke7 0-1